 Dungeon Crawl Stone Soup version 0.23-a0-445-g768d57b (console) character file.

21583 utis the Destroyer (level 13, 82/99 HPs)
             Began as a Human Air Elementalist on Oct 3, 2017.
             Quit the game in a labyrinth on Nov 17, 2018.
             The game lasted 01:27:08 (26309 turns).

utis the Destroyer (Human Air Elementalist)        Turns: 26309, Time: 01:27:09

Health: 82/99      AC: 20    Str: 12    XL:     13   Next: 21%
Magic:  21/21      EV: 13    Int: 17    God:
Gold:   894        SH:  5    Dex: 19    Spells: 2/23 levels left

rFire    . . .     SeeInvis .   w - staff of energy {!a}
rCold    . . .     Gourm    .   (no shield)
rNeg     . . .     Faith    .   u - +2 scale mail {rPois}
rPois    +         Spirit   .   G - +2 helmet
rElec    .         Reflect  +   T - +2 cloak {+Inv}
rCorr    .         Harm     .   d - +2 pair of gloves
MR       .....                  (no boots)
Stlth    ++........             m - +5 amulet of reflection
HPRegen  0.26/turn              X - +5 ring of dexterity
MPRegen  0.17/turn              Y - +3 ring of slaying

@: very slightly contaminated
A: no striking features
a: Evoke Invisibility


You were in a labyrinth.
You were not hungry.

You visited 2 branches of the dungeon, and saw 14 of its levels.
You also visited: Labyrinth.

You collected 894 gold pieces.

Inventory:

Hand Weapons
 a - a +0 dagger of draining
 s - a +0 blowgun {@w1}
 D - a +0 long sword
 L - a +2 rapier of holy wrath
Missiles
 l - 251 stones (quivered)
Armour
 d - a +2 pair of gloves (worn)
 u - a +2 scale mail of poison resistance (worn)
 G - a +2 helmet (worn)
 I - a +1 scale mail of magic resistance
 J - the +1 cloak of Starlight {rElec rC+ EV+4 Stlth--}
   (You found it in a labyrinth)

   It affects your evasion (+4).
   It protects you from cold.
   It insulates you from electricity.
   It makes you much less stealthy.
 T - a +2 cloak of invisibility (worn)
Magical Staves
 b - an uncursed staff of air
 g - an uncursed staff of fire
 w - an uncursed staff of energy (weapon) {!a}
Jewellery
 e - the amulet "Meruamor" {Reflect rElec rPois SH+3}
   (You took it off a minotaur in a labyrinth)

   [amulet of reflection]

   It shields you and reflects attacks.
   It insulates you from electricity.
   It protects you from poison.
   It affects your SH (+3).
 m - a +5 amulet of reflection (around neck)
 C - an uncursed ring of protection from cold
 S - the ring of Incredulity {Dex+2 SInv}
   (You found it on level 8 of the Dungeon)

   [ring of see invisible]

   It affects your dexterity (+2).
   It lets you see invisible.
 X - a +5 ring of dexterity (left hand)
 Y - a +3 ring of slaying (right hand)
 Z - an uncursed ring of wizardry
Wands
 y - a wand of removedness (22)
 K - a wand of acid (5)
 N - a wand of random effects (24)
 R - a wand of digging (5)
 W - a wand of polymorph (13)
Scrolls
 h - a scroll of removedness
 i - 8 scrolls of teleportation {@r4}
 k - 3 scrolls of fear
 o - 4 scrolls of remove curse {@r2}
 t - 2 scrolls of identify {@r1}
 v - a scroll of magic mapping
 E - a scroll of blinking
Potions
 f - 2 potions of might
 j - 7 potions of curing {@q1}
 n - 3 potions of heal wounds {@q2}
 q - 2 potions of haste {@q3}
 r - 2 potions of magic
 A - 4 potions of agility
 B - a potion of brilliance
 H - 3 potions of cancellation
 M - a potion of flight
Miscellaneous
 x - a fan of gales
Comestibles
 c - 6 rations {@e1}
 p - 7 rations {@e1}
 z - a ration {@e2}
 Q - a ration {@e3}


   Skills:
 - Level 8.5 Fighting
 - Level 5.0 Short Blades
 - Level 7.4 Armour
 - Level 6.0 Dodging
 - Level 5.3 Stealth
 + Level 5.8 Spellcasting
 * Level 9.3 Conjurations
 - Level 4.0 Fire Magic
 * Level 8.5 Air Magic
 - Level 6.4 Evocations


You had 2 spell levels left.
You knew the following spells:

 Your Spells              Type           Power        Failure   Level  Hunger
a - Shock                 Conj/Air       ####         1%          1    None
b - Lightning Bolt        Conj/Air       #####.....   36%         5    None
k - Airstrike             Air            ####......   16%         4    None
o - Conjure Flame         Conj/Fire      ####....     11%         3    None
p - Mephitic Cloud        Conj/Pois/Air  ####....     14%         3    None
t - Static Discharge      Conj/Air       #####...     4%          3    None
W - Swiftness             Chrm/Air       ###.....     14%         2    None

Your spell library contained the following spells:

 Spells                   Type           Power        Failure   Level  Hunger
 Animate Skeleton         Necr           N/A          50%         1    None
 Apportation              Tloc           #.....       50%         1    None
 Confusing Touch          Hex            #.....       50%         1    None
 Summon Small Mammal      Summ           #...         50%         1    None


Dungeon Overview and Level Annotations

Branches:
Dungeon (11/15)            Temple (0/1) D:4            Lair (3/6) D:9
 Shoals (0/4) Lair:2          Orc (0/2) D:10
  Snake: Lair:2-4    Spider: Lair:2-4

Altars:
Cheibriados
Fedhas
Nemelex Xobeh
Okawaru
Ru
Trog
Uskayaw
Wu Jian
Yredelemnul

Shops:
D:10 [(

Annotations:
D:3 exclusion: downstairs
D:10 Maurice


Message History

J - the +1 cloak of Starlight {rElec rC+ EV+4 Stlth--}
K - a wand of acid (?/15)
There is an escape hatch in the ceiling here.
You see here a ring mail.
Okay, then.
Wear which item? (? for menu, Esc to quit)
Okay, then.
Wear which item? (? for menu, Esc to quit)
Okay, then.
Unknown command.
Saving game... please wait.
Lua error: /dgldir/rcfiles/crawl-git/utis.rc:580: unexpected symbol near '#' Welcome back, utis the Human Air Elementalist.
Press ? for a list of commands and other information.
Unknown command.
Saving game... please wait.
Lua error: /dgldir/rcfiles/crawl-git/utis.rc:580: unexpected symbol near '#' Welcome back, utis the Human Air Elementalist.
Press ? for a list of commands and other information.
Are you sure you want to abandon this character and quit the game? (Confirm

▓▓ ▓. ..░░░
▓.▓.░p░ .▓
░.░ ▓ ▓▓
▓..░.░ .▓
▓... .░.░ ..
▓▓▓ ▓. .░'░
▓ ▓
..........▓
▓▓.▓▓ .▓.▓▓▓
▓.....▓...
▓▓▓...▓▓▓▓▓▓


There were no monsters in sight!

Vanquished Creatures
  Gastronok (Lair:2)
  Snorg (D:10)
  A minotaur (Lab)
  2 hydras
  2 two-headed ogres
  Pikel (D:8)
  A manticore (D:11)
  A black mamba (Lair:2)
  Psyche (D:8)
  A freezing wraith (D:11)
  3 spiny frogs (Lair:2)
  A komodo dragon (Lair:2)
  7 blink frogs
  4 hippogriffs
  2 hornets
  A spriggan (D:7)
  Eustachio (D:6)
  A wyvern (Lair:1)
  10 yaks
  A basilisk (Lair:1)
  Grum (D:10)
  A hungry ghost (D:8)
  Menkaure (D:7)
  2 steam dragons
  3 water moccasins
  11 porcupines
  2 black bears
  A slave (D:8)
  Duvessa (D:7)
  4 orc warriors
  7 sky beasts
  An ice beast (D:7)
  An eye of draining (D:10)
  4 phantoms
  9 wolves
  4 ogres
  5 centaurs
  A crocodile (Lair:2)
  6 bullfrogs
  2 gnoll sergeants (D:7)
  Blork the orc (D:7)
  Dowan (D:7)
  4 scorpions
  6 killer bees
  A wight (D:7)
  3 electric eels (Lair:2)
  2 howler monkeys
  A bullfrog zombie (D:8)
  7 crimson imps
  4 hounds
  4 orc priests
  3 jellies
  Crazy Yiuf (D:7)
  A bullfrog skeleton (D:9)
  3 iguanas
  Terence (D:3)
  12 orc wizards
  7 worker ants
  A hound zombie (D:10)
  A hound skeleton (D:9)
  Robin (D:3)
  7 gnolls
  A howler monkey skeleton (D:4)
  8 adders
  3 shadow imps
  2 adder zombies
  7 worms
  2 dart slugs
  7 leopard geckos
  40 orcs
  5 bats
  10 giant cockroaches
  17 goblins
  4 hobgoblins
  18 jackals
  10 kobolds
  2 quokkas
  A ball python (D:5)
  4 frilled lizards
  A giant cockroach zombie (D:6)
  A jackal skeleton (D:4)
  A jackal zombie (D:8)
  A leopard gecko zombie (D:8)
  7 rats
334 creatures vanquished.

Vanquished Creatures (others)
  An unseen horror (D:11)
  A hungry ghost (D:8)
  3 slaves (D:8)
  A centaur (D:11)
  An orc priest (D:8)
  4 fungi
  11 plants
22 creatures vanquished.

Grand Total: 356 creatures vanquished

Notes
Turn   | Place    | Note
-------+----------+-------------------------------------------
     0 | D:1      | utis the Human Air Elementalist began the quest for the
                  | Orb.
     0 | D:1      | Reached XP level 1. HP: 13/13 MP: 3/3
   259 | D:1      | Reached XP level 2. HP: 19/19 MP: 0/5
   327 | D:1      | Reached skill level 2 in Conjurations
  1146 | D:1      | could I please have some stones??
  1318 | D:1      | Reached XP level 3. HP: 20/24 MP: 3/6
  1577 | D:2      | Reached skill level 3 in Conjurations
  2159 | D:2      | Reached XP level 4. HP: 30/30 MP: 1/7
  2623 | D:3      | Found a faded altar of an unknown god.
  2635 | D:3      | Found a bloodstained altar of Trog.
  3056 | D:3      | Upgraded the game from 0.21-a0-338-g36cf2fc to
                  | 0.21-a0-364-gbd1fde4
  3060 | D:3      | Learned a level 3 spell: Static Discharge
  3063 | D:3      | Learned a level 2 spell: Swiftness
  3472 | D:3      | Reached XP level 5. HP: 30/35 MP: 6/8
  3735 | D:3      | Noticed Robin
  3748 | D:3      | Killed Robin
  3873 | D:3      | Reached skill level 4 in Conjurations
  3939 | D:3      | Noticed Terence
  3954 | D:3      | Killed Terence
  3954 | D:3      | Reached XP level 6. HP: 31/41 MP: 2/10
  4791 | D:4      | Learned a level 4 spell: Airstrike
  4822 | D:4      | Noticed a two-headed ogre
  5356 | D:3      | Reached XP level 7. HP: 18/46 MP: 2/11
  5698 | D:4      | Found a staircase to the Ecumenical Temple.
  5885 | D:3      | Reached skill level 5 in Air Magic
  5941 | D:4      | Reached skill level 5 in Conjurations
  6077 | D:4      | shhh
  7402 | D:5      | Entered Level 5 of the Dungeon
  7542 | D:5      | Found a snail-covered altar of Cheibriados.
  8264 | D:5      | Reached skill level 1 in Fighting
  8264 | D:5      | Reached skill level 1 in Short Blades
  8264 | D:5      | Reached XP level 8. HP: 54/54 MP: 8/13
  9420 | D:5      | Upgraded the game from 0.21-a0-364-gbd1fde4 to
                  | 0.21-a0-442-g848f44b
  9965 | D:6      | Found a hide-covered altar of Uskayaw.
  9967 | D:6      | Noticed a dagger
  9968 | D:6      | Noticed a dagger
 10327 | D:6      | Reached XP level 9. HP: 59/66 MP: 14/14
 10363 | D:6      | Learned a level 5 spell: Lightning Bolt
 10410 | D:6      | Found an iron altar of Okawaru.
 10642 | D:6      | Found a sparkling altar of Nemelex Xobeh.
 10642 | D:6      | Found a basalt altar of Yredelemnul.
 10649 | D:6      | Found a blossoming altar of Fedhas.
 10651 | D:6      | Found a faded altar of an unknown god.
 10652 | D:6      | Found a sacrificial altar of Ru.
 10794 | D:7      | Noticed a hippogriff
 10813 | D:6      | Killed a hippogriff
 10973 | D:7      | Noticed Eustachio
 11092 | D:6      | Reached skill level 6 in Conjurations
 11221 | D:6      | Killed Eustachio
 11417 | D:7      | Noticed Blork the orc
 11444 | D:7      | Noticed Menkaure
 11696 | D:7      | Killed Menkaure
 11696 | D:7      | Reached skill level 1 in Armour
 11843 | D:7      | Reached skill level 5 in Fighting
 11900 | D:7      | Noticed Dowan
 12648 | D:6      | Reached XP level 10. HP: 58/74 MP: 14/16
 12758 | D:7      | Noticed Duvessa
 12767 | D:7      | Killed Duvessa
 12779 | D:7      | Killed Dowan
 13157 | D:7      | Killed Blork the orc
 13462 | D:7      | Reached skill level 5 in Armour
 13577 | D:7      | Found a runed door.
 13809 | D:7      | Noticed Crazy Yiuf
 13812 | D:7      | Killed Crazy Yiuf
 13916 | D:8      | Noticed Pikel
 13940 | D:8      | Killed Pikel
 14086 | D:8      | Got a warped brass ring
 14087 | D:8      | Identified the ring of Incredulity {Dex+2 SInv} (You found
                  | it on level 8 of the Dungeon)
 14429 | D:8      | Reached skill level 5 in Evocations
 14540 | D:8      | Got a thick robe
 14630 | D:8      | Noticed Psyche
 14970 | D:8      | Killed Psyche
 14970 | D:8      | Reached XP level 11. HP: 74/84 MP: 9/17
 15117 | D:8      | Found an ornate altar of the Wu Jian Council.
 15428 | D:8      | Noticed a two-headed ogre
 16093 | D:8      | Killed a two-headed ogre
 16495 | D:8      | Learned a level 3 spell: Conjure Flame
 16590 | D:9      | Found a staircase to the Lair.
 16933 | D:9      | Reached skill level 1 in Fire Magic
 17620 | D:9      | Reached skill level 7 in Conjurations
 17709 | D:10     | Entered Level 10 of the Dungeon
 18188 | D:10     | Noticed Maurice
 18553 | D:10     | Noticed Grum
 18562 | D:10     | Noticed Snorg
 18817 | D:10     | Killed Snorg
 18905 | D:10     | Noticed a two-headed ogre
 18916 | D:10     | Killed a two-headed ogre
 19044 | D:10     | Killed Grum
 19044 | D:10     | Reached skill level 5 in Spellcasting
 19103 | D:10     | Found Ywyufep's Weapon Shop.
 19129 | D:10     | Found a staircase to the Orcish Mines.
 19340 | D:10     | Found Qiucku's Armour Shop.
 19349 | D:10     | Found a blossoming altar of Fedhas.
 19816 | D:11     | Reached skill level 5 in Stealth
 19851 | D:11     | Noticed an unseen horror
 19877 | D:11     | Killed an unseen horror
 20268 | D:11     | Reached skill level 5 in Short Blades
 20277 | D:11     | Reached XP level 12. HP: 84/91 MP: 19/19
 20427 | D:11     | Reached skill level 5 in Dodging
 20821 | D:11     | Paralysed by a hornet for 1 turns
 21062 | Lair:1   | Entered Level 1 of the Lair of Beasts
 21880 | Lair:1   | Noticed a six-headed hydra
 21904 | Lair:1   | Killed a six-headed hydra
 22537 | Lair:1   | Learned a level 3 spell: Mephitic Cloud
 22569 | Lair:2   | Found a staircase to the Shoals.
 22799 | Lair:2   | Got a faintly humming cloak
 22823 | Lair:1   | Identified the +1 cloak of Lihourin {rF- rN++} (You found
                  | it on level 2 of the Lair of Beasts)
 23747 | Lair:2   | Reached skill level 8 in Conjurations
 23893 | Lair:2   | Noticed Gastronok
 23966 | Lair:2   | Killed Gastronok
 24766 | Lair:2   | Noticed a five-headed hydra
 24801 | Lair:2   | Reached XP level 13. HP: 45/99 MP: 21/21
 25195 | Lair:2   | Killed a five-headed hydra
 25195 | Lair:2   | Reached skill level 9 in Conjurations
 26055 | Lair:3   | Found a labyrinth entrance.
 26095 | Lab      | Entered a labyrinth
 26247 | Lab      | Noticed a minotaur
 26255 | Lab      | Killed a minotaur
 26283 | Lab      | Got a bound diamond amulet
 26285 | Lab      | Identified the amulet "Meruamor" {Reflect rElec rPois SH+3}
                  | (You took it off a minotaur in a labyrinth)
 26308 | Lab      | Found the +1 cloak of Starlight {rElec rC+ EV+4 Stlth--}
 26309 | Lab      | Upgraded the game from 0.21-a0-442-g848f44b to
                  | 0.22-a0-49-g614aadd
 26309 | Lab      | Quit the game

Vault maps used:
D:1:      roderic_crop_circles_arrival_small, grunt_decor_fettered,
          corexii_leaking_fountain
D:3:      nicolae_overflow_crystal_walls, chequers_ecumenical_altar_simple,
          first_bread, lexackson_kobold_supper, uniq_robin, uniq_terence
D:4:      minmay_temple_entry_large_hall, grunt_ministairs_1
D:5:      cheibrodos_worm_habitat, cheibrodos_sewer_entry_bend
D:6:      dancing_weapons_uskayaw, chequers_temple_overflow_minitemple,
          okawaru_gym_becter
D:7:      minmay_blocky_corners, the_bakery, hangedman_abyss_or_decor_stagger,
          sword_in_stone, uniq_crazy_yiuf_cottage, uniq_duvessa, uniq_menkaure
D:8:      kennysheep_little_box, uniq_pikel, uniq_psyche
D:9:      dpeg_oklobed_lair, kennysheep_path_1
D:10:     orc_david_3, basic_altar, minmay_holes, minmay_orc_keep, uniq_maurice,
          uniq_grum, uniq_snorg
Lair:1:   grunt_megastairs_3
Lair:2:   elwin_shoals_entry_rocks, serial_bayou_lake_a, uniq_gastronok
Lair:3:   lab_entry_generic, st_stairs_8, eino_house_with_fridge, uniq_harold,
          uniq_urug
Lab:      labyrinth_green

Skill      XL: |  1  2  3  4  5  6  7  8  9 10 11 12 13 |
---------------+----------------------------------------+-----
Conjurations   | 2 3 4 5 6 7 8 9 |  9.3
Air Magic      | 4 5 6 7 8 |  8.5
Spellcasting   | 3 4 5 |  5.8
Fighting       | 1 4 5 7 8 |  8.5
Short Blades   | 1 2 5 |  5.0
Dodging        | 4 6 |  6.0
Armour         | 3 5 7 |  7.4
Evocations     | 6 |  6.4
Stealth        | 5 |  5.3
Fire Magic     | 4 |  4.0

Action                   |  1- 3 |  4- 6 |  7- 9 | 10-12 | 13-15 || total
-------------------------+-------+-------+-------+-------+-------++-------
Melee: Dagger            |     6 |       |   316 |   815 |    60 ||  1197
       Long sword        |       |     4 |     1 |       |       ||     5
       Rapier            |       |       |       |    57 |       ||    57
       Staff             |       |       |       |    23 |       ||    23
 Fire: Hunting sling     |    11 |   110 |    45 |       |       ||   166
Throw: Stone             |    23 |    14 |    57 |    72 |     6 ||   172
 Cast: Shock             |    56 |    82 |    96 |   181 |     8 ||   423
       Static Discharge  |       |     3 |     6 |    14 |       ||    23
       Swiftness         |       |       |     1 |     1 |       ||     2
       Conjure Flame     |       |       |       |     4 |     6 ||    10
       Lightning Bolt    |       |       |       |     3 |       ||     3
 Abil: Evoke Invisibilit |       |       |       |     9 |     1 ||    10
Evoke: Wand              |       |       |       |     5 |       ||     5
  Use: Scroll            |     1 |       |     9 |    16 |     1 ||    27
       Potion            |       |       |     1 |     1 |       ||     2
 Stab: Invisible         |       |       |       |    12 |     2 ||    14
       Sleeping          |       |       |       |     1 |       ||     1
  Eat: Chunk             |     4 |     9 |    20 |    40 |     3 ||    76
       Buggy jelly       |       |     1 |       |       |       ||     1
       Buggy fruit       |       |       |     3 |     2 |     3 ||     8
       Buggy ration      |       |       |       |     1 |     1 ||     2
Armor: Robe              |     9 |     2 |       |       |       ||    11
       Leather armour    |       |    17 |    63 |       |       ||    80
       Scale mail        |       |       |   157 |   417 |    23 ||   597
Dodge: Dodged            |    36 |    49 |   291 |   520 |    18 ||   914
Block: Other             |       |       |       |   175 |     9 ||   184
       Reflection        |       |       |       |     3 |       ||     3
       Rpst.: Long sword |       |     1 |     1 |       |       ||     2

Table legend:
 A = Non-vault XP
 B = Vault XP
 C = Vault XP percentage of total XP
 D = Non-vault monster count
 E = Vault monster count
 F = Vault count percentage of total count
                 A         B        C        D         E       F
            +---------+---------+-------+---------+---------+-------
      Total |   30833 |       0 |   0.0 |     334 |       0 |   0.0
            +---------+---------+-------+---------+---------+-------
        D:1 |      31 |       0 |   0.0 |      16 |       0 |   0.0
        D:2 |      55 |       0 |   0.0 |      12 |       0 |   0.0
        D:3 |     473 |       0 |   0.0 |      57 |       0 |   0.0
        D:4 |     210 |       0 |   0.0 |      21 |       0 |   0.0
        D:5 |     926 |       0 |   0.0 |      26 |       0 |   0.0
        D:6 |    1892 |       0 |   0.0 |      28 |       0 |   0.0
        D:7 |    1709 |       0 |   0.0 |      22 |       0 |   0.0
        D:8 |    3794 |       0 |   0.0 |      35 |       0 |   0.0
        D:9 |    1153 |       0 |   0.0 |      21 |       0 |   0.0
       D:10 |    4356 |       0 |   0.0 |      30 |       0 |   0.0
       D:11 |    2097 |       0 |   0.0 |      15 |       0 |   0.0
     Lair:1 |    4234 |       0 |   0.0 |      20 |       0 |   0.0
     Lair:2 |    8397 |       0 |   0.0 |      27 |       0 |   0.0
     Lair:3 |     408 |       0 |   0.0 |       3 |       0 |   0.0
        Lab |    1098 |       0 |   0.0 |       1 |       0 |   0.0
            +---------+---------+-------+---------+---------+-------
